 Dungeon Crawl Stone Soup version 0.31.0-32-g396128a36d (webtiles) character file.

Game seed: 10786517480769599722

3587 TacoSundae the Mimic (level 10, -3/49 HPs)
             Began as a Vine Stalker Shapeshifter on Apr 5, 2024.
             Was a Believer of Makhleb.
             Slain by a hornet (11 damage)
             ... while paralysed by a hornet
             ... on level 7 of the Dungeon.
             The game lasted 00:19:55 (6291 turns).

TacoSundae the Mimic (Vine Stalker Shapeshifter)    Turns: 6291, Time: 00:19:55

Health: -3/49      AC:  5    Str: 18    XL:     10   Next: 10%
Magic:  0/20       EV:  2    Int: 10    God:    Makhleb [**....]
Gold:   459        SH:  0    Dex: 17    Spells: 9/9 levels left

rFire   . .          .
                       - Unarmed
rCold   . . .        (no shield)
rNeg    . . .        m - +0 leather armour
rPois   .            (helmet currently unavailable)
rElec   .            (cloak currently unavailable)
rCorr   .            (gloves currently unavailable)
SInv    .            (boots currently unavailable)
Will    ++...        k - amulet of magic regeneration
Stlth   +            j - ring of magical power
HPRegen 1.08/turn    u - ring of willpower
MPRegen 0.57/turn

%: guardian spirit
@: paralysed, mighty, lethally poisoned (-3 -> -4), beast-form, slowed, studying
Stealth
A: beast (slay +4), fangs 3, regeneration 1, magic shield, antimagic bite, no
potion heal 2, iridescent scales 1, large bone plates 1
a: Begin Untransformation, Renounce Religion, Minor Destruction


You were on level 7 of the Dungeon.
You worshipped Makhleb.
Makhleb was pleased with you.
You were a hulking beast.
You visited 2 branches of the dungeon, and saw 9 of its levels.

You collected 459 gold pieces.

Inventory:

Missiles
 i - 17 poisoned darts
 p - 4 javelins (quivered)
Armour
 f - a +1 helmet
 m - a +0 leather armour (worn)
Jewellery
 j - a ring of magical power (left hand)
 k - an amulet of magic regeneration (around neck)
 u - a ring of willpower (right hand)
Talismans
 c - a beast talisman
 d - a flux talisman
Wands
 a - a wand of iceblast (5)
 n - a wand of acid (6)
 A - a wand of charming (8)
Scrolls
 g - a scroll of amnesia
 h - a scroll of vulnerability
 l - a scroll of teleportation
 r - a scroll of revelation
 w - a scroll of enchant weapon
 y - 2 scrolls of immolation
Potions
 b - 3 potions of lignification
 e - 2 potions of curing
 o - a potion of ambrosia
 q - a potion of mutation
 s - 3 potions of enlightenment
 x - a potion of brilliance


   Skills:
 + Level 4.0 Fighting
 + Level 4.0 Dodging
 * Level 8.9 Unarmed Combat
 * Level 9.3 Shapeshifting


You had 9 spell levels left.
You didn't know any spells.
Your spell library contained the following spells:

 Spells                   Type           Power      Damage    Failure   Level
 Necrotise                Necr           0%         1d4       41%         1
 Call Imp                 Summ           0%         N/A       56%         2
 Sublimation of Blood     Necr           0%         N/A       56%         2
 Summon Ice Beast         Ice/Summ       0%         N/A       80%         3
 Vampiric Draining        Necr           0%         2d6       80%         3
 Martyr's Knell           Necr/Summ      0%         N/A       99%         4
 Curse of Agony           Necr           0%         N/A       100%        5
 Summon Mana Viper        Hex/Summ       0%         N/A       100%        5
 Monstrous Menagerie      Summ           0%         N/A       100%        7
 Summon Hydra             Summ           0%         N/A       100%        7


Dungeon Overview and Level Annotations

Branches:
Dungeon (8/15)             Temple (1/1) D:5
   Lair: D:8-11

Altars:
Ashenzari
Cheibriados
Dithmenos
Elyvilon
Fedhas
Gozag
Hepliaklqana
Kikubaaqudgha
Makhleb
Nemelex Xobeh
Okawaru
Qazlal
Ru
Sif Muna
Trog
Uskayaw
Vehumet
Wu Jian
Xom
Yredelemnul
Zin
The Shining One

Shops:
D:1 (

Portals:
Abyss: D:4

Annotations:
D:4 2 transporters, TacoSundae's ghost, amateur VSSh


Innate Abilities, Weirdness & Mutations

You are a hulking beast.
Your limbs bulge with bestial killing power. (Slay +4)
You have razor-sharp teeth.
Your natural rate of healing is unusually fast.
When hurt, damage is shared between your health and your magic reserves.
Your bite disrupts and absorbs the magic of your enemies.
Potions cannot restore your health.
You are partially covered in iridescent scales. (AC +2)
You are partially covered in large bone plates. (SH +4)


Message History

Done exploring.
Done exploring.
You see here a +0 mace.
You see here a +0 war axe.
There is a stone staircase leading down here.
You climb downwards.
The hornet buzzes angrily.
Found 15 gold pieces.
There is a stone staircase leading up here.
A centaur comes into view.
The centaur shouts!
You see here 15 gold pieces.
You now have 459 gold pieces (gained 15).
The centaur wields a +0 orcbow.
The centaur shoots an arrow.
The arrow misses you.
There is a stone staircase leading up here.
The bullfrog gives a loud, deep croak!
You hear a shout!
You hear an angry hiss.
You hear a bellow! x2
The hornet stings you.
You feel yourself slow down.
The centaur shoots an arrow.
The arrow hits you! The hornet stings you!
You feel as though you will be slow longer.
You climb upwards.
There is a stone staircase leading down here.
You feel very mighty all of a sudden. The hornet closely misses you.
The hornet stings you!
You feel as though you will be slow longer.
You barely miss the hornet. The hornet closely misses you. x2
You closely miss the hornet.
The hornet stings you but does no damage.
The hornet completely misses you.
You closely miss the hornet. Your punch misses the hornet.
Your bite misses the hornet. The hornet stings you!
You feel as though you will be slow longer.
The hornet stings you!
* * * LOW HITPOINT WARNING * * *
You are poisoned.
You suddenly lose the ability to move!
You feel very sick. The hornet stings you!
You die...

####..###.....# #......†......#
..########....# ..# #....## .##
#.....# ####### ## ###.###.#
#.....# ##...# #.# #.....#
#..### #.### #.....# ###.##
#..h### ##<....# #####...#
###.y.# ###......#
....#.############.## #........#
.##.............)...###.##.....#
.........############...##.....#
..........÷.....###............#
#........######..†.............#
#..<.....# #####.##.........#
#........# ###..##.........#


You could see a hornet.

Vanquished Creatures
  4 kobold demonologists (D:6)
  Edmund (D:4)
  2 water moccasins
  A sky beast (D:7)
  4 black bears
  An ice beast (D:6)
  2 ogres
  A phantom (D:6)
  3 kobold brigands (D:6)
  A gnoll sergeant (D:6)
  2 scorpions
  5 killer bees (D:7)
  A howler monkey (D:5)
  A bombardier beetle (D:5)
  4 orc priests
  6 hounds
  8 iguanas
  Ijyb (D:3)
  Terence (D:3)
  2 orc wizards (D:5)
  5 gnolls (D:6)
  5 adders
  3 dart slugs
  13 orcs
  8 ball pythons
  5 bats
  14 endoplasms
  5 giant cockroaches
  5 goblins
  5 hobgoblins
  11 jackals
  7 kobolds
  4 quokkas
  2 frilled lizards
  9 rats
  A spectral orc (D:3)
153 creatures vanquished.

Notes
Turn   | Place    | Note
-------+----------+-------------------------------------------
     0 | D:1      | TacoSundae the Vine Stalker Shapeshifter began the quest
                  | for the Orb.
     0 | D:1      | Reached XP level 1. HP: 9/9 MP: 2/2
    31 | D:1      | Found Loism's Antique Weapon Emporium.
    72 | D:1      | Reached XP level 2. HP: 14/14 MP: 3/3
   408 | D:1      | Reached XP level 3. HP: 17/17 MP: 4/4
   764 | D:2      | Found a faded altar of an unknown god.
   814 | D:2      | Found a snail-covered altar of Cheibriados.
   870 | D:2      | Reached skill level 4 in Shapeshifting
  1017 | D:2      | Reached XP level 4. HP: 21/21 MP: 5/5
  1581 | D:3      | Found a shadowy altar of Dithmenos.
  1718 | D:3      | Noticed Terence
  1725 | D:3      | Killed Terence
  2038 | D:3      | You fall into a shaft and drop 2 floors!
  2038 | D:5      | Entered Level 5 of the Dungeon
  2094 | D:4      | Reached XP level 5. HP: 24/25 MP: 6/6
  2229 | D:3      | Found a hazy altar of Hepliaklqana.
  2289 | D:3      | Found a glowing golden altar of the Shining One.
  2635 | D:3      | Noticed Ijyb
  2640 | D:3      | HP: 1/25 [Ijyb/iceblast (9)]
  2650 | D:3      | Gained mutation: Your flesh is cold resistant. (rC+)
                  | [potion of mutation]
  2650 | D:3      | Gained mutation: Your body sometimes deteriorates upon
                  | taking damage. [potion of mutation]
  2651 | D:3      | HP: 1/25 [Ijyb/+0 dagger (4)]
  2667 | D:3      | Killed Ijyb
  2718 | D:3      | Reached skill level 5 in Shapeshifting
  2918 | D:4      | Reached XP level 6. HP: 29/29 MP: 7/7
  2932 | D:3      | Lost mutation: Your body sometimes deteriorates upon taking
                  | damage. [potion of mutation]
  2932 | D:3      | Lost mutation: Your flesh is cold resistant. (rC+) [potion
                  | of mutation]
  2932 | D:3      | Gained mutation: You are occasionally teleported next to
                  | monsters. [potion of mutation]
  2933 | D:3      | Lost mutation: You are occasionally teleported next to
                  | monsters. [potion of mutation]
  2933 | D:3      | Gained mutation: You are partially covered in iridescent
                  | scales. (AC +2) [potion of mutation]
  2933 | D:3      | Gained mutation: You are partially covered in large bone
                  | plates. (SH +4) [potion of mutation]
  2960 | D:4      | Found a one-way gate to the infinite horrors of the Abyss.
  2963 | D:4      | Found a transporter.
  2971 | D:4      | Noticed TacoSundae's ghost (amateur VSSh)
  3068 | D:4      | Found a transporter.
  3098 | D:4      | Noticed a +0 dagger
  3098 | D:4      | Noticed a +0 falchion
  3099 | D:4      | Noticed a +0 falchion
  3100 | D:4      | Noticed a +0 short sword
  3100 | D:4      | Noticed a +0 spear
  3100 | D:4      | Noticed a +0 short sword
  3100 | D:4      | Noticed a +0 dagger
  3101 | D:4      | Noticed a +0 spear
  3117 | D:4      | Found a hide-covered altar of Uskayaw.
  3173 | D:4      | Noticed Edmund
  3193 | D:4      | Killed Edmund
  3553 | D:5      | Reached skill level 5 in Unarmed Combat
  3553 | D:5      | Reached skill level 6 in Shapeshifting
  3553 | D:5      | Reached XP level 7. HP: 32/32 MP: 8/8
  3585 | D:5      | Found a staircase to the Ecumenical Temple.
  3601 | Temple   | Entered the Ecumenical Temple
  3632 | Temple   | Became a worshipper of Makhleb the Destroyer
  3963 | D:5      | Reached skill level 7 in Shapeshifting
  4207 | D:5      | Gained mutation: You have razor-sharp teeth. [Vine Stalker
                  | growth]
  4207 | D:5      | Reached XP level 8. HP: 35/37 MP: 9/9
  4223 | D:5      | Reached skill level 1 in Fighting
  4582 | D:5      | Found an ornate altar of the Wu Jian Council.
  4696 | D:6      | Reached * piety under Makhleb
  5089 | D:6      | Found a shimmering blue altar of Sif Muna.
  5316 | D:6      | Noticed a kobold demonologist
  5318 | D:6      | Noticed a kobold demonologist
  5318 | D:6      | Noticed a kobold demonologist
  5318 | D:6      | Noticed a kobold demonologist
  5329 | D:6      | Noticed an orange demon
  5329 | D:6      | Killed a kobold demonologist
  5330 | D:6      | Reached skill level 8 in Shapeshifting
  5330 | D:6      | Reached XP level 9. HP: 43/43 MP: 10/10
  5332 | D:6      | Killed a kobold demonologist
  5333 | D:6      | Noticed an orange demon
  5334 | D:6      | Killed a kobold demonologist
  5474 | D:6      | Killed a kobold demonologist
  5663 | D:7      | Reached skill level 9 in Shapeshifting
  5667 | D:7      | Found an ancient bone altar of Kikubaaqudgha.
  5782 | D:7      | Reached ** piety under Makhleb
  5838 | D:7      | Reached XP level 10. HP: 49/49 MP: 11/11
  6007 | D:7      | Found an opulent altar of Gozag.
  6008 | D:7      | Found a bloodstained altar of Trog.
  6290 | D:7      | Paralysed by a hornet for 3 turns
  6291 | D:7      | Slain by a hornet

Illustrated notes

Levels and vault maps discovered:
D:1:      dreamdust_arrival_sigmund_warning, layout_rooms, serial_shops,
          shop_fountains
D:2:      layout_basic, basic_altar, hellmonk_ecumenical_altar_lost_god
D:3:      layout_basic, lemuel_round_altar,
          nicolae_hepliaklqana_monster_ancestors,
          nicolae_dithmenos_through_a_glass_darkly, minmay_pentomino_pile,
          uniq_terence, uniq_ijyb
D:4:      layout_loops_cross, nicolae_uskayaw_en_pointe,
          gammafunk_ghost_abyssal_escape, uniq_edmund
D:5:      layout_basic, lemuel_coloured_pillars_altar, minmay_temple_entry_tees,
          portal_sewer_entry_b, minmay_manual_mullet
D:6:      layout_basic, led_sif_pool
D:7:      layout_rooms, pf_just_have_faith, gammafunk_temple_overflow_statue
D:8:      layout_basic, hellmonk_lair_entry_icy, ebering_ghost_disaster_area
Temple:   oiseaux_autumnal_temple

Skill      XL: |  1  2  3  4  5  6  7  8  9 10 |
---------------+-------------------------------+-----
Shapeshifting  | 4 5 6 7 8 9 |  9.3
Unarmed Combat | 4 5 7 8 |  8.9
Fighting       | 2 3 4 |  4.0
Dodging        | 2 3 4 |  4.0

Action                     |  1- 3 |  4- 6 |  7- 9 | 10-12 || total
---------------------------+-------+-------+-------+-------++-------
  Melee: Unarmed           |   106 |   143 |   198 |    31 ||   478
         Bite              |    25 |    47 |    50 |     6 ||   128
         Punch             |       |     4 |    10 |     2 ||    16
  Throw: Javelin           |       |     3 |     3 |       ||     6
  Evoke: Wand              |       |       |     1 |       ||     1
    Use: Scroll            |       |    11 |     9 |       ||    20
         Potion            |       |     7 |     2 |     2 ||    11
   Stab: Sleeping          |       |     1 |     2 |       ||     3
 Armour: Animal skin       |    38 |       |       |       ||    38
         Leather armour    |    13 |    50 |   119 |    17 ||   199
  Dodge: Dodged            |    54 |    55 |   107 |    28 ||   244
  Block: Other             |       |     3 |    24 |     5 ||    32
